 Dungeon Crawl Stone Soup version 0.18-a0-1347-gb9e2fb4 (webtiles) character file.

788 Duffy the Caller (level 7, -4/46 HPs)
             Began as a Mummy Summoner on Feb 17, 2016.
             Was a Follower of Sif Muna.
             Slain by a centaur
             ... wielding a +0 hand axe
              (5 damage)
             ... on level 6 of the Dungeon.
             The game lasted 00:13:07 (8250 turns).

Duffy the Caller (Mummy Summoner)                   Turns: 8250, Time: 00:13:08

Health: -4/46      AC:  5    Str: 11    XL:     7   Next: 56%
Magic:  0/14       EV: 12    Int: 16    God:    Sif Muna [*.....]
Gold:   269        SH:  0    Dex: 13    Spells: 5 memorised, 2 levels left

rFire  x . .     SeeInvis .     (no weapon)
rCold  + . .     Gourm    .     a - +0 robe
rNeg   + + +     Faith    .     (no shield)
rPois  ∞         Spirit   .     h - +0 helmet
rElec  .         Dismiss  .     (no cloak)
rCorr  .         Reflect  .     q - +0 pair of gloves (curse)
SustAt .         Harm     .     r - +0 pair of boots (curse)
MR     .....                    (no amulet)
Stlth  ++........               (no ring)
                                e - ring of positive energy (curse)

@: very slightly contaminated, not resistant to hostile enchantments, unstealthy
A: no food or potions, fire vulnerability, cold resistance 1, negative energy
resistance 3, torment resistance, unbreathing
a: Channel Energy, Renounce Religion


You were on level 6 of the Dungeon.
You worshipped Sif Muna.
Sif Muna was aware of your devotion.
You were not hungry.

You visited 2 branches of the dungeon, and saw 7 of its levels.
You also visited: Sewer.

You collected 269 gold pieces.


Innate Abilities, Weirdness & Mutations

You do not eat or drink.
Your flesh is vulnerable to fire.
You are immune to poison.
Your flesh is cold resistant.
You are immune to negative energy.
You are immune to unholy pain and torment.
You can survive without breathing.


   Skills:
 - Level 1.5 Dodging
 - Level 1.5 Stealth
 - Level 5.0 Spellcasting
 * Level 6.0 Summonings
 + Level 2.3 Ice Magic
 + Level 0.0 Invocations


You had 2 spell levels left.
You knew the following spells:

 Your Spells              Type           Power        Failure   Level  Hunger
a - Summon Small Mammal   Summ           ###.         1%          1    N/A
i - Call Imp              Summ           ###.....     1%          2    N/A
j - Summon Lightning Spi  Summ/Air       ##......     50%         4    N/A
l - Summon Ice Beast      Ice/Summ       ###.....     34%         4    N/A
n - Call Canine Familiar  Summ           ###.....     4%          3    N/A

Inventory:

Missiles
 f - 25 poisoned needles
 g - 127 stones (quivered)
 s - a throwing net
Armour
 a - a +0 robe (worn)
 h - a +0 helmet (worn)
 j - a +1 pair of gloves
 q - a cursed +0 pair of gloves (worn)
 r - a cursed +0 pair of boots (worn)
Jewellery
 e - a cursed ring of positive energy (left hand)
Wands
 n - a wand of disintegration (12/24)
 v - a wand of lightning (7/15)
Scrolls
 c - a scroll of amnesia
 d - 3 scrolls of teleportation
 k - 2 scrolls of blinking
 l - a scroll of enchant armour {unknown}
 m - 5 scrolls of remove curse
 o - 2 scrolls of recharging
 p - 3 scrolls of magic mapping {unknown}
 t - a scroll of immolation {unknown}
 w - a scroll of fog {unknown}
Books
 b - a book of Callings
 i - a book of the Dragon
 u - a book of the Warp

Dungeon Overview and Level Annotations

Branches:
Dungeon (6/15)             Temple (1/1) D:4

Altars:
Ashenzari
Cheibriados
Dithmenos
Elyvilon
Kikubaaqudgha
Makhleb
Nemelex Xobeh
Ru
Sif Muna
Trog
Vehumet
Xom
Yredelemnul
Zin
The Shining One


Message History

The worker ant bites you. The worker ant barely misses you.
You found a teleport trap!
The worker ant bites you.
Cast which spell? (? or * to list)
You miscast Summon Ice Beast.
You are very lightly contaminated with residual magic.
The worker ant misses you.
Cast which spell? (? or * to list)
You miscast Summon Ice Beast.
Wisps of condensation drift from your hands.
The worker ant closely misses you.
Cast which spell? (? or * to list)
You miscast Summon Ice Beast.
The worker ant bites you. The worker ant bites you.
The worker ant closely misses you. The worker ant bites you.
The worker ant barely misses you.
Really walk into that teleport trap?
You enter a teleport trap!
The teleport trap disappears.
Your surroundings suddenly seem different.
A centaur comes into view. It is wielding a hand axe.
The centaur shouts!
The centaur unwields an uncursed hand axe.
The centaur wields a shortbow.
The centaur shoots an arrow.
The arrow hits you!
You see here an arrow.
Found 17 gold pieces.
The centaur shoots an arrow.
The arrow hits you!
You see here an arrow.
The centaur unwields an uncursed shortbow.
The centaur wields an uncursed hand axe.
The centaur hits you but does no damage.
Cast which spell? (? or * to list)
A chill wind blows around you.
The centaur hits you with an uncursed hand axe!
The centaur barely misses your ice beast.
The centaur hits you with an uncursed hand axe.
You die...

# .# .# ###
######'#....
#........$..
####.....Y.....
#.....(@c...#
#...(####'###
#..........#
####.......#
#.......#
#.......#
#.......#
######.## .#


You could see a centaur and a friendly ice beast.

Action                   |  1- 3 |  4- 6 |  7- 9 || total
-------------------------+-------+-------+-------++-------
Throw: Stone             |     6 |     1 |     2 ||     9
 Cast: Summon Small Mamm |    48 |       |       ||    48
       Call Imp          |    32 |    60 |     8 ||   100
       Call Canine Famil |     4 |    41 |    11 ||    56
       Summon Ice Beast  |       |       |     9 ||     9
  Use: Scroll            |     6 |     1 |       ||     7

Notes
Turn   | Place    | Note
--------------------------------------------------------------
     0 | D:1      | Duffy the Mummy Summoner began the quest for the Orb.
     0 | D:1      | Reached XP level 1. HP: 13/13 MP: 3/3
   571 | D:1      | Reached XP level 2. HP: 19/19 MP: 0/5
   575 | D:1      | Learned a level 2 spell: Call Imp
  1754 | D:2      | Reached XP level 3. HP: 22/24 MP: 2/7
  1762 | D:2      | Reached skill level 3 in Spellcasting
  2107 | D:2      | Learned a level 3 spell: Call Canine Familiar
  2287 | D:3      | Found a glowing drain.
  2306 | Sewer    | Entered a sewer
  2582 | Sewer    | Noticed a crocodile
  2594 | Sewer    | Killed a crocodile
  2594 | Sewer    | Reached skill level 4 in Summonings
  2594 | Sewer    | Reached XP level 4. HP: 30/30 MP: 3/9
  2652 | Sewer    | Learned a level 4 spell: Summon Ice Beast
  3319 | D:3      | Reached XP level 5. HP: 4/35 MP: 1/10
  4089 | D:4      | Noticed an ogre
  4103 | D:4      | Reached skill level 4 in Spellcasting
  4113 | D:4      | Killed an ogre
  4214 | D:4      | Found an ancient bone altar of Kikubaaqudgha.
  4322 | D:4      | Noticed Uberwunderbarhen's ghost (amateur OpTm)
  4358 | D:4      | Killed Uberwunderbarhen's ghost
  4358 | D:4      | Reached XP level 6. HP: 41/41 MP: 3/12
  4547 | D:4      | Found a sparkling altar of Nemelex Xobeh.
  5084 | D:4      | Reached skill level 5 in Summonings
  5330 | D:4      | Found a staircase to the Ecumenical Temple.
  5339 | Temple   | Entered the Ecumenical Temple
  5640 | Temple   | Became a worshipper of Sif Muna the Loreminder
  5803 | D:4      | Reached skill level 5 in Spellcasting
  5835 | D:4      | Learned a level 4 spell: Summon Lightning Spire
  6210 | D:5      | Entered Level 5 of the Dungeon
  6903 | D:5      | Reached XP level 7. HP: 46/46 MP: 6/14
  7023 | D:5      | Reached skill level 1 in Ice Magic
  7414 | D:6      | Found a white marble altar of Elyvilon.
  8021 | D:6      | Reached skill level 2 in Ice Magic
  8119 | D:6      | Reached * piety under Sif Muna
  8119 | D:6      | Reached skill level 6 in Summonings
  8250 | D:6      | Slain by a centaur

Vault maps used:
D:1:      nicolae_arrival_somewhat_less_tricky_arrival
D:2:      first_bread
D:3:      portal_sewer_entry_d, dk_noncrumbling_3
D:4:      kiku_gazebo_pond_becter, old_standard_altar,
          minmay_temple_entry_statues_fountains
D:5:      lemuel_castle_with_subvaults, uniq_edmund
D:6:      grunt_gozag_statues, marbit_many_paths, elyvilon_altar_4
Temple:   hc_temple_tempest_star
Sewer:    sewer_the_crocodile

Vanquished Creatures
  The ghost of Uberwunderbarhen the Insei, an amateur OpTm
  An ice beast
  A necrophage
  2 ogres
  A crocodile
  A water moccasin skeleton
  A crimson imp
  4 hounds
  6 orc priests
  A jelly
  A centaur skeleton
  2 iguanas
  5 orc wizards
  4 worker ants
  A worker ant zombie
  7 adders
  8 gnolls
  2 shadow imps
  2 oozes
  3 giant geckos
  23 orcs
  A ball python
  8 bats
  2 giant cockroaches
  6 goblins
  8 hobgoblins
  8 jackals
  A quokka
  4 giant newts
  10 kobolds
  5 rats
130 creatures vanquished.
